[Event "Titled Tuesday Blitz September 28 2021"]
[White "Jeet, Jain"]
[Black "Szente Varga, Fruzsina"]
[WhiteFideId "5073022"]
[BlackFideId "712264"]
[WhiteElo "2085"]
[BlackElo "2106"]
[Result "1-0"]
[Round "04"]
[TimeControl "180+1"]
[Date "2021.09.28"]
[WhiteClock "0:00:46"]
[BlackClock "0:00:14"]

1. e4 e5 2. Nf3 Nc6 3. Bc4 Bc5 4. c3 Nf6 5. d3 O-O 6. Bg5 h6 7. Bh4 Be7 8. Nbd2 d6 9. a4 Be6 10. O-O Nd7 11. Bg3 Bg4 12. a5 a6 13. b4 Kh8 14. Qb3 f5 15. exf5 Bxf5 16. d4 exd4 17. cxd4 Bf6 18. Rad1 Nxd4 19. Nxd4 Bxd4 20. Nf3 Bf6 21. Nd4 Bxd4 22. Rxd4 Qf6 23. Rfd1 Rae8 24. h3 Ne5 25. Bd5 c6 26. Bc4 d5 27. Bf1 Nf7 28. Qc3 Ng5 29. Bh4 Qg6 30. Kh2 Ne4 31. Qb3 Bc8 32. f3 Qd6+ 33. Kg1 Ng3 34. f4 Nf5 35. Bf2 Nxd4 36. Bxd4 Qxf4 37. Qc3 Rf7 38. Bd3 Ref8 39. Bg6 Rd7 40. Bc2 Re7 41. Bc5 Rfe8 42. Bxe7 Rxe7 43. Rf1 Qe3+ 44. Qxe3 Rxe3 45. Rf8# 1-0


[Site "https://www.chess.com"]

[Event "Titled Tuesday Blitz September 28 2021"]
[White "Kamsky, Gata"]
[Black "Shimelkov, Vasiliy"]
[WhiteFideId "2000024"]
[BlackFideId "13701630"]
[WhiteElo "2603"]
[BlackElo "2073"]
[Result "1-0"]
[Round "04"]
[TimeControl "180+1"]
[Date "2021.09.28"]
[WhiteClock "0:00:33"]
[BlackClock "0:00:15"]

1. e4 c6 2. d3 d5 3. Nf3 g6 4. g3 Bg7 5. Bg2 e5 6. O-O Ne7 7. Nc3 O-O 8. a4 h6 9. Bd2 Be6 10. Qe1 Nd7 11. Nh4 f5 12. f4 fxe4 13. dxe4 d4 14. Nd1 c5 15. b3 Qc7 16. Nb2 Kh7 17. Kh1 b6 18. f5 gxf5 19. exf5 Bd5 20. Bxd5 Nxd5 21. g4 Rae8 22. g5 hxg5 23. Bxg5 e4 24. Ng6 Rf7 25. Qh4+ Kg8 26. Nc4 e3 27. Rf3 Qc6 28. Kg1 Nc3 29. Rh3 Ne2+ 30. Kf1 d3 31. Qh7# 1-0


[Site "https://www.chess.com"]

[Event "Titled Tuesday Blitz September 28 2021"]
[White "Karas, Marek"]
[Black "Samadov, Read"]
[WhiteFideId "14928558"]
[BlackFideId "13417444"]
[WhiteElo "2273"]
[BlackElo "2084"]
[Result "0-1"]
[Round "04"]
[TimeControl "180+1"]
[Date "2021.09.28"]
[WhiteClock "0:02:13"]
[BlackClock "0:02:27"]

1. d4 Nf6 2. Nf3 e6 3. Bf4 c5 4. e3 Nc6 5. c3 Nh5 6. Bg5 Qb6 7. Qb3 h6 8. Bh4 g5 9. Bg3 Nxg3 10. hxg3 Bg7 11. Nbd2 d5 12. Be2 Bd7 13. Qxb6 axb6 14. Bb5 Ke7 15. O-O Nxd4 16. Nxd4 cxd4 17. Bxd7 dxc3 18. Bxe6 cxb2 19. Rab1 fxe6 20. Nb3 Rxa2 21. Rfd1 Rha8 22. Kf1 Ra1 0-1


[Site "https://www.chess.com"]

[Event "Titled Tuesday Blitz September 28 2021"]
[White "Khusnutdinov, Rustam"]
[Black "Lovkov, Roman"]
[WhiteFideId "13701703"]
[BlackFideId "4157389"]
[WhiteElo "2571"]
[BlackElo "2371"]
[Result "1-0"]
[Round "04"]
[TimeControl "180+1"]
[Date "2021.09.28"]
[WhiteClock "0:01:39"]
[BlackClock "0:01:01"]

1. d4 Nf6 2. c4 g6 3. Nc3 d5 4. Bg5 Ne4 5. Bh4 Nxc3 6. bxc3 dxc4 7. e3 Be6 8. Nf3 Bg7 9. Qb1 Nd7 10. Qxb7 c5 11. Ng5 Rb8 12. Nxe6 Qa5 13. Nxg7+ Kf8 14. Qxd7 Qxc3+ 15. Ke2 Qxa1 16. Qxe7+ Kxg7 17. Qe5+ f6 18. Bxf6+ Kf7 19. Qe7+ 1-0


[Site "https://www.chess.com"]

[Event "Titled Tuesday Blitz September 28 2021"]
[White "Kiselev, Vitaliy"]
[Black "Quintiliano Pinto, Renato R."]
[WhiteFideId "4194128"]
[BlackFideId "2117568"]
[WhiteElo "2444"]
[BlackElo "2439"]
[Result "1-0"]
[Round "04"]
[TimeControl "180+1"]
[Date "2021.09.28"]
[WhiteClock "0:00:49"]
[BlackClock "0:00:09"]

1. e4 c5 2. Nc3 Nc6 3. Bb5 Nd4 4. Nf3 a6 5. Bd3 g6 6. Nxd4 cxd4 7. Ne2 d5 8. O-O Bg7 9. c3 dxe4 10. Bxe4 d3 11. Nf4 e5 12. Nxd3 f5 13. Nxe5 Bxe5 14. Bf3 Ne7 15. d4 Bg7 16. Qb3 Qd6 17. Re1 Rb8 18. Bg5 Bf6 19. Bxf6 Qxf6 20. Re2 Kd8 21. Rae1 Re8 22. d5 Qd6 23. c4 b6 24. Qc3 Bd7 25. b4 Rc8 26. a3 Rc7 27. Qd4 Nc8 28. Rxe8+ Bxe8 29. Re6 Qf8 30. d6 Rd7 31. c5 bxc5 32. bxc5 Qg7 33. Re5 Qf7 34. h4 Ra7 35. c6 Bxc6 36. Bxc6 1-0


[Site "https://www.chess.com"]

[Event "Titled Tuesday Blitz September 28 2021"]
[White "Koksik_13"]
[Black "Nastore, Pavel-Alexandru"]
[BlackFideId "1255002"]
[WhiteElo "2596"]
[BlackElo "1763"]
[Result "1-0"]
[Round "04"]
[TimeControl "180+1"]
[Date "2021.09.28"]
[WhiteClock "0:00:09"]
[BlackClock "0:00:03"]

1. d4 Nf6 2. Nc3 d5 3. Bf4 c6 4. e3 Bf5 5. f3 e6 6. g4 Bg6 7. h4 h5 8. g5 Nfd7 9. Bd3 Bxd3 10. Qxd3 g6 11. Nge2 Nb6 12. O-O-O Nc4 13. b3 Ba3+ 14. Kb1 Nb2 15. Qd2 Nxd1 16. Rxd1 Nd7 17. e4 Qa5 18. exd5 cxd5 19. Bg3 Rc8 20. Qe3 O-O 21. Rd3 Nb6 22. Be1 Nc4 23. Qf4 Nb2 24. Re3 Nd1 25. Rd3 Nxc3+ 26. Bxc3 Bb4 27. Bxb4 Qxb4 28. c3 Qb5 29. Re3 a5 30. Qf6 Qb6 31. Nf4 Qd8 32. Qe5 a4 33. b4 Rc6 34. Kb2 a3+ 35. Kb3 Ra6 36. Kc2 Qd7 37. Nd3 b6 38. Qf6 Rc8 39. Ne5 Qa4+ 40. Kd2 Qe8 41. Nd3 Ra7 42. Nf4 Qd8 43. Qe5 Rac7 44. Ne2 Qf8 45. f4 b5 46. Rf3 Rc6 47. Re3 Qd6 48. Rf3 Qxe5 49. fxe5 Rc4 50. Nc1 Kf8 51. Nb3 Ke7 52. Nc5 R4xc5 53. dxc5 Rd8 54. Kd3 Ra8 55. Kd4 Rc8 56. Rf1 Rc7 57. Rb1 Ra7 58. c6 Kd8 59. Kc5 Kc7 60. Kxb5 Ra8 61. Kc5 Rd8 62. b5 d4 63. b6+ Kb8 64. c7+ Kc8 65. cxd8=Q+ 1-0


[Site "https://www.chess.com"]

[Event "Titled Tuesday Blitz September 28 2021"]
[White "Korchmar, Vasiliy"]
[Black "Idrisov, Ildar F"]
[WhiteFideId "24131750"]
[BlackFideId "4151020"]
[WhiteElo "2370"]
[BlackElo "2209"]
[Result "1-0"]
[Round "04"]
[TimeControl "180+1"]
[Date "2021.09.28"]
[WhiteClock "0:00:03"]
[BlackClock "0:00:01"]

1. e4 e6 2. d4 d5 3. exd5 exd5 4. Nf3 Nf6 5. Bd3 Be7 6. Ne5 O-O 7. O-O c5 8. c3 Nc6 9. Bf4 cxd4 10. Nxc6 bxc6 11. cxd4 Qb6 12. Nc3 Ba6 13. Na4 Qb7 14. Rc1 Bxd3 15. Qxd3 Rfe8 16. b3 Bf8 17. Rc2 Re6 18. h3 Rae8 19. Rfc1 Ba3 20. Rd1 Bf8 21. Rdc1 Ba3 22. Rb1 Bf8 23. Be5 Nd7 24. Bg3 Nb6 25. Nc5 Bxc5 26. dxc5 Nd7 27. Kh2 Nf6 28. b4 a6 29. a4 Re4 30. b5 Rxa4 31. b6 h6 32. Bc7 Ree4 33. f3 Re7 34. Re2 Rxc7 35. bxc7 Qxc7+ 36. Kg1 Qf4 37. Re7 Rb4 38. Rbe1 Qd4+ 39. Qxd4 Rxd4 40. Rc7 Rc4 41. Rxc6 a5 42. Re7 d4 43. Rcc7 Nd5 44. Rc8+ Kh7 45. Rd7 Nb4 46. Rxf7 d3 47. Rd7 Rc1+ 48. Kh2 a4 49. c6 a3 50. Ra8 a2 51. c7 Kg6 52. Rd6+ Kf5 53. Rd4 Ke5 54. Rxb4 d2 55. Rb5+ 1-0


[Site "https://www.chess.com"]

[Event "Titled Tuesday Blitz September 28 2021"]
[White "Korobov, Anton"]
[Black "Timmermans, Mark"]
[WhiteFideId "14105730"]
[BlackFideId "1026399"]
[WhiteElo "2703"]
[BlackElo "2460"]
[Result "0-1"]
[Round "04"]
[TimeControl "180+1"]
[Date "2021.09.28"]
[WhiteClock "0:01:19"]
[BlackClock "0:01:59"]

1. d4 Nf6 2. c4 e6 3. Nc3 Bb4 4. e3 Ne4 5. Qc2 f5 6. Bd3 O-O 7. Ne2 b6 8. Bxe4 fxe4 9. Qxe4 d5 10. Qc2 Ba6 11. cxd5 exd5 12. O-O Bxc3 13. bxc3 Nd7 14. f3 c5 15. Rf2 Qe7 16. Nf4 Rxf4 17. e4 Rf7 18. e5 cxd4 19. cxd4 Rc8 20. Qa4 Nb8 21. Ba3 Qc7 22. h4 Qc4 23. Qd1 Qd3 24. Qe1 Qxa3 0-1


[Site "https://www.chess.com"]

[Event "Titled Tuesday Blitz September 28 2021"]
[White "Kosakowski, Jakub"]
[Black "Kislov, Oleg"]
[WhiteFideId "1185080"]
[BlackFideId "13503774"]
[WhiteElo "2340"]
[BlackElo "2252"]
[Result "1-0"]
[Round "04"]
[TimeControl "180+1"]
[Date "2021.09.28"]
[WhiteClock "0:00:03"]
[BlackClock "0:00:01"]

1. Nf3 d5 2. d4 Nf6 3. c4 e6 4. g3 Be7 5. Bg2 O-O 6. O-O dxc4 7. Qc2 Bd7 8. Ne5 Bc6 9. Nxc6 Nxc6 10. e3 Na5 11. Nd2 c6 12. Nxc4 Nxc4 13. Qxc4 Nd5 14. Bd2 Qd7 15. b4 a6 16. Rab1 Rfd8 17. Qc2 Rac8 18. Rfc1 g6 19. a4 b5 20. Be1 Rc7 21. Qa2 Rdc8 22. Rc2 Nb6 23. a5 Nd5 24. Qb3 Qd6 25. Bd2 Qd7 26. e4 Nf6 27. Bf4 Ra7 28. Rbc1 Qxd4 29. Be3 Qd7 30. Bxa7 Qxa7 31. Rxc6 Rxc6 32. Rxc6 Ng4 33. Rc2 Qd4 34. h3 Ne5 35. Rc8+ Kg7 36. Ra8 Nd3 37. Qc2 Nxb4 38. Qe2 Bc5 39. Rc8 Nd3 40. Rc7 b4 41. Rb7 Nxf2 42. Kh2 Nd3 43. Qf1 Ne5 44. Rb8 Bd6 45. Rb7 h5 46. Qxa6 h4 47. Qf1 hxg3+ 48. Kh1 b3 49. a6 b2 50. a7 Qa4 51. Rxb2 Qxa7 52. Rb3 Qa4 53. Rxg3 Qd4 54. Rb3 Nc4 55. Rd3 Qe5 56. Qg1 Nb2 57. Rd2 Nc4 58. Rc2 Ne3 59. Re2 Nc4 60. Ra2 Qf4 61. Re2 Ne5 62. Rf2 Qg3 63. Bf1 Qe3 64. Rxf7+ 1-0


[Site "https://www.chess.com"]

[Event "Titled Tuesday Blitz September 28 2021"]
[White "Krivonosov, Oleg"]
[Black "Tasev, Dejan"]
[WhiteFideId "11600349"]
[BlackFideId "936618"]
[WhiteElo "2469"]
[BlackElo "2253"]
[Result "1-0"]
[Round "04"]
[TimeControl "180+1"]
[Date "2021.09.28"]
[WhiteClock "0:02:38"]
[BlackClock "0:02:17"]

1. Nf3 Nf6 2. c4 g6 3. Nc3 Bg7 4. e4 d6 5. d4 O-O 6. Be2 e5 7. dxe5 dxe5 8. Qxd8 Rxd8 9. Bg5 Re8 10. Nd5 Nxd5 11. cxd5 c6 12. Bc4 cxd5 13. Bxd5 Nc6 14. O-O-O Be6 15. Bxe6 Rxe6 16. Rd7 Rc8 17. Kb1 f6 18. Be3 b6 19. Rc1 Bf8 20. a3 Re7 21. Rd6 Rec7 22. Rxf6 Be7 23. Re6 Kf7 24. Rexc6 Rxc6 25. Rxc6 Rxc6 26. Nxe5+ 1-0


[Site "https://www.chess.com"]

[Event "Titled Tuesday Blitz September 28 2021"]
[White "Kucuksari, Kaan"]
[Black "Lysyj, Igor"]
[WhiteFideId "6380166"]
[BlackFideId "4150120"]
[WhiteElo "2301"]
[BlackElo "2660"]
[Result "0-1"]
[Round "04"]
[TimeControl "180+1"]
[Date "2021.09.28"]
[WhiteClock "0:00:03"]
[BlackClock "0:00:27"]

1. d4 Nf6 2. c4 e6 3. g3 d5 4. Nf3 Be7 5. Bg2 O-O 6. O-O Nbd7 7. Qc2 c6 8. b3 b6 9. Rd1 Bb7 10. Nc3 Ba6 11. Nd2 b5 12. a4 bxc4 13. bxc4 Rb8 14. Ba3 Bxa3 15. Rxa3 Qa5 16. c5 Rb4 17. e3 Rfb8 18. Rb1 Rxb1+ 19. Ncxb1 e5 20. Rb3 Qc7 21. Rxb8+ Qxb8 22. Qb3 Qc7 23. Qb4 h5 24. h4 Ng4 25. Nc3 Ndf6 26. Nb3 Bd3 27. a5 Bc4 28. Nd2 exd4 29. Nxc4 dxc3 30. Na3 Qe5 31. Qd4 Qf5 32. Qf4 c2 33. Qxf5 c1=Q+ 34. Bf1 Qxa3 35. Qc8+ Kh7 36. Qxc6 Qb2 37. Bd3+ g6 38. Bxg6+ Kxg6 0-1


[Site "https://www.chess.com"]

[Event "Titled Tuesday Blitz September 28 2021"]
[White "Lehtosaari, Mauri"]
[Black "Krysa, Leandro"]
[WhiteFideId "501999"]
[BlackFideId "116807"]
[WhiteElo "2453"]
[BlackElo "2490"]
[Result "0-1"]
[Round "04"]
[TimeControl "180+1"]
[Date "2021.09.28"]
[WhiteClock "0:00:06"]
[BlackClock "0:00:11"]

1. d4 Nf6 2. Nf3 e6 3. Bg5 h6 4. Bh4 c5 5. e3 b6 6. Nbd2 Bb7 7. Bd3 Be7 8. c3 O-O 9. O-O cxd4 10. cxd4 d6 11. Rc1 Nbd7 12. Bb1 Re8 13. a3 a6 14. Qb3 Rc8 15. Rc3 Nd5 16. Rxc8 Qxc8 17. Bxe7 Nxe7 18. Qd3 Nf8 19. Nc4 Qc6 20. b3 Rc8 21. h3 Ba8 22. Re1 Nd5 23. e4 Ne7 24. a4 b5 25. axb5 axb5 26. Ne3 b4 27. Kh2 Qc7 28. Kg1 Qc3 29. Qa6 Qxb3 30. Qxd6 Neg6 31. Ne5 Nxe5 32. Qxe5 Qc3 33. Rd1 b3 34. Qb5 b2 35. d5 e5 36. d6 Ne6 37. d7 Rd8 38. Qd3 Qxd3 39. Rxd3 Nd4 40. Nc4 Bxe4 41. Rd1 Ne2+ 42. Kh2 Nc3 43. Bxe4 Nxd1 44. Nxe5 Nc3 45. Bc2 b1=Q 46. Bxb1 Nxb1 47. Kg3 f6 0-1


[Site "https://www.chess.com"]

[Event "Titled Tuesday Blitz September 28 2021"]
[White "Levitskiy, Andrey"]
[Black "Vovk, Orest"]
[WhiteFideId "14132885"]
[BlackFideId "14113490"]
[WhiteElo "2340"]
[BlackElo "2203"]
[Result "1-0"]
[Round "04"]
[TimeControl "180+1"]
[Date "2021.09.28"]
[WhiteClock "0:00:38"]
[BlackClock "0:00:04"]

1. e4 Nc6 2. Nf3 d5 3. exd5 Qxd5 4. Nc3 Qa5 5. Bb5 Bd7 6. d4 a6 7. Bc4 Qh5 8. d5 Ne5 9. Be2 Nxf3+ 10. Bxf3 Qe5+ 11. Be3 O-O-O 12. O-O e6 13. dxe6 Bc6 14. Qe2 Qxe6 15. Rad1 Rxd1 16. Rxd1 Bxf3 17. Qxf3 Bd6 18. Ne4 Nf6 19. Nxd6+ cxd6 20. Qg3 d5 21. Rd3 Ne8 22. Rc3+ Kd7 23. Qb8 Ke7 24. Bc5+ Kf6 25. Rf3+ Kg6 26. Qg3+ Kh6 27. Be3+ 1-0


[Site "https://www.chess.com"]

[Event "Titled Tuesday Blitz September 28 2021"]
[White "Madaminov, Mukhiddin"]
[Black "Sadykov, Ramil"]
[WhiteFideId "14210703"]
[BlackFideId "24113590"]
[WhiteElo "1855"]
[BlackElo "2300"]
[Result "1-0"]
[Round "04"]
[TimeControl "180+1"]
[Date "2021.09.28"]
[WhiteClock "0:00:46"]
[BlackClock "0:00:03"]

1. e4 e5 2. Nf3 Nc6 3. Bb5 Nf6 4. d3 d6 5. O-O Be7 6. c4 O-O 7. Nc3 Bg4 8. Be3 Nd4 9. Bxd4 exd4 10. Nd5 c6 11. Nxf6+ Bxf6 12. Ba4 Be5 13. h3 Bxf3 14. Qxf3 Qh4 15. b4 a6 16. c5 Qe7 17. Rab1 a5 18. cxd6 Bxd6 19. b5 Qe5 20. g3 c5 21. Bb3 b6 22. Kg2 Kh8 23. Rbe1 a4 24. Bd5 Ra7 25. Qg4 h5 26. Qf3 h4 27. Bc4 g6 28. Qg4 hxg3 29. f4 Qh5 30. e5 Qxg4 31. hxg4 Be7 32. f5 gxf5 33. gxf5 Bg5 34. Re4 f6 35. Rg4 Rh7 36. Rxg3 a3 37. e6 Kg7 38. e7 Re8 39. Rxg5+ fxg5 40. f6+ Kg6 41. f7 1-0


[Site "https://www.chess.com"]

[Event "Titled Tuesday Blitz September 28 2021"]
[White "Maksimenko, Viktor"]
[Black "Mekhitarian, Krikor Sevag"]
[WhiteFideId "13710478"]
[BlackFideId "2107660"]
[WhiteElo "2269"]
[BlackElo "2598"]
[Result "0-1"]
[Round "04"]
[TimeControl "180+1"]
[Date "2021.09.28"]
[WhiteClock "0:00:00"]
[BlackClock "0:00:08"]

1. d4 Nf6 2. c4 g6 3. Nc3 d5 4. cxd5 Nxd5 5. e4 Nxc3 6. bxc3 Bg7 7. Bc4 c5 8. Ne2 O-O 9. O-O Nc6 10. Be3 Bg4 11. f3 Bd7 12. Rb1 Qc7 13. Qd2 Rad8 14. Rfc1 Bc8 15. Bg5 Na5 16. Bd3 b6 17. d5 c4 18. Bc2 f6 19. Bf4 e5 20. Be3 Rf7 21. f4 Bf8 22. fxe5 fxe5 23. Rf1 Nb7 24. Ng3 Bc5 25. Rxf7 Qxf7 26. Rf1 Qe7 27. Bxc5 Nxc5 28. Qe2 Rf8 29. Qxc4 Ba6 30. d6+ Bxc4 31. dxe7 Re8 32. Rd1 Rxe7 33. a3 Rd7 34. Rxd7 Nxd7 35. Kf2 Kf8 36. Ke3 Ke7 37. Bd3 Bxd3 38. Kxd3 b5 39. Nf1 Nc5+ 40. Ke3 Kd6 41. Nd2 a5 42. Nf3 Na4 43. Kd3 Nb2+ 44. Kc2 Nc4 45. Kd3 Nxa3 46. Ng5 h5 47. Nf7+ Ke6 48. Nd8+ Kf6 49. Nc6 Nc4 50. Na7 Nd6 51. h4 a4 52. Nc6 Ke6 53. Nb4 Nc4 54. Nd5 Kd6 55. Kc2 Kc5 56. Ne7 Ne3+ 0-1


[Site "https://www.chess.com"]

[Event "Titled Tuesday Blitz September 28 2021"]
[White "Maltsevskaya, Aleksandra"]
[Black "Bugayev, Vladimir"]
[WhiteFideId "24174041"]
[BlackFideId "30901480"]
[WhiteElo "2239"]
[BlackElo "2351"]
[Result "1-0"]
[Round "04"]
[TimeControl "180+1"]
[Date "2021.09.28"]
[WhiteClock "0:00:18"]
[BlackClock "0:00:02"]

1. g3 c5 2. Bg2 g6 3. e4 Bg7 4. c3 Nc6 5. Ne2 e5 6. O-O Nge7 7. Na3 d5 8. exd5 Nxd5 9. d4 exd4 10. cxd4 cxd4 11. Nb5 O-O 12. Bxd5 Qxd5 13. Nc7 Qf3 14. Nxa8 Bg4 15. Nc7 Qxe2 16. Qxe2 Bxe2 17. Re1 d3 18. Bd2 Ne5 19. Rec1 Nf3+ 20. Kg2 Nxd2 21. Rd1 Bf3+ 22. Kg1 Bxd1 23. Rxd1 Nf3+ 24. Kg2 Ne5 25. f4 Rc8 26. Nd5 Rc2+ 27. Kh3 Nf3 28. Rxd3 Rxh2+ 29. Kg4 Ne1 30. Re3 h5+ 31. Kg5 Kh7 32. Rxe1 Rxb2 33. Nf6+ Bxf6+ 34. Kxf6 Rg2 35. Re3 Kg8 36. a4 Ra2 37. Re8+ Kh7 38. Re7 Rxa4 39. Rxf7+ Kh6 40. Rxb7 Ra6+ 41. Kf7 g5 42. f5 g4 43. Rb5 Rb6 44. Rc5 a6 45. f6 Rb7+ 46. Ke6 Rb6+ 47. Kf5 Rb5 48. Rxb5 axb5 49. Ke6 h4 50. f7 hxg3 51. f8=Q+ Kg5 52. Qf6+ Kh5 53. Kf5 g2 54. Qg5# 1-0


[Site "https://www.chess.com"]

[Event "Titled Tuesday Blitz September 28 2021"]
[White "Manafov, Vugar"]
[Black "Sieciechowicz, Marcin"]
[WhiteFideId "13410814"]
[BlackFideId "1130170"]
[WhiteElo "2274"]
[BlackElo "2318"]
[Result "1-0"]
[Round "04"]
[TimeControl "180+1"]
[Date "2021.09.28"]
[WhiteClock "0:00:19"]
[BlackClock "0:00:02"]

1. d4 Nf6 2. c4 g6 3. Nc3 d5 4. cxd5 Nxd5 5. e4 Nxc3 6. bxc3 Bg7 7. Bc4 c5 8. Ne2 Nc6 9. Be3 O-O 10. O-O Qc7 11. dxc5 Ne5 12. Bb3 Ng4 13. Bf4 Qxc5 14. Rb1 e5 15. Bc1 Nf6 16. Be3 Qc7 17. f3 b5 18. a4 bxa4 19. Bxa4 Be6 20. Bb5 a6 21. Bd3 Nd7 22. Nc1 Nc5 23. Be2 f5 24. Nd3 Nxd3 25. Bxd3 Qxc3 26. Rc1 Qa5 27. Rc5 Qd8 28. Qe2 a5 29. Rd1 Qe7 30. Rdc1 Rfc8 31. Rxc8+ Rxc8 32. Rxc8+ Bxc8 33. Qa2+ Be6 34. Qxa5 h5 35. Qa8+ Kh7 36. Qc6 f4 37. Bf2 Qf6 38. Bb6 g5 39. Qd6 g4 40. Bd8 Qg6 41. Be2 gxf3 42. Bxf3 Bg4 43. Qd1 Bf6 44. Bxf6 Qxf6 45. Bxg4 hxg4 46. Qxg4 Qb6+ 47. Kf1 Qb1+ 48. Kf2 Qxe4 49. Qf3 Qd4+ 50. Ke2 Qb2+ 51. Kd3 Qd4+ 52. Ke2 Qc4+ 53. Qd3+ Qxd3+ 54. Kxd3 Kg6 55. Ke4 Kf6 56. h4 Ke6 57. h5 Kf6 58. h6 Kg6 59. Kxe5 Kxh6 60. Kxf4 Kh5 61. Kf5 Kh4 62. g4 1-0


[Site "https://www.chess.com"]

[Event "Titled Tuesday Blitz September 28 2021"]
[White "Maze, Sebastien"]
[Black "Wagner, Dinara"]
[WhiteFideId "613762"]
[BlackFideId "24157570"]
[WhiteElo "2462"]
[BlackElo "2260"]
[Result "1/2-1/2"]
[Round "04"]
[TimeControl "180+1"]
[Date "2021.09.28"]
[WhiteClock "0:00:04"]
[BlackClock "0:00:22"]

1. e4 c5 2. Nf3 d6 3. Bb5+ Bd7 4. Bxd7+ Qxd7 5. O-O Nf6 6. Re1 Nc6 7. c3 e6 8. d4 cxd4 9. cxd4 d5 10. e5 Ne4 11. Nbd2 Nxd2 12. Bxd2 Bb4 13. Bxb4 Nxb4 14. a3 Nc6 15. Qd3 h6 16. Nh4 O-O-O 17. Rac1 Kb8 18. Rc5 Rc8 19. Rec1 Ne7 20. Nf3 b6 21. R5c3 g6 22. Qd2 g5 23. h4 g4 24. Nh2 h5 25. Nf1 Nf5 26. Ng3 Nxh4 27. Rxc8+ Rxc8 28. Nxh5 Rxc1+ 29. Qxc1 Nf5 30. Nf6 Qa4 31. Nxg4 Qxd4 32. Qg5 Kb7 33. Ne3 Qxe5 34. Nxf5 Qxf5 35. Qd2 Kc6 36. f4 a5 37. Qc3+ Kd6 38. Qd4 Kc6 39. Qc3+ Kb7 40. Kf2 Qxf4+ 41. Kg1 Qf5 42. Qd4 Qe4 43. Qf6 Qf5 44. Qd4 f6 45. b4 axb4 46. axb4 Qe5 47. Qf2 Qa1+ 48. Kh2 Qe5+ 49. g3 d4 50. Qc2 Qe3 51. b5 Qf3 52. Qh7+ Kb8 53. Qg8+ Kc7 54. Qxe6 d3 55. Qe7+ Kc8 56. Qe8+ Kb7 57. Qd7+ Kb8 58. Qd8+ Ka7 59. Qd7+ Kb8 60. Qd8+ Kb7 61. Qd7+ Kb8 1/2-1/2


[Site "https://www.chess.com"]

[Event "Titled Tuesday Blitz September 28 2021"]
[White "Megagigahiper3345"]
[Black "Bologan, Victor"]
[BlackFideId "13900048"]
[WhiteElo "2531"]
[BlackElo "2511"]
[Result "0-1"]
[Round "04"]
[TimeControl "180+1"]
[Date "2021.09.28"]
[WhiteClock "0:00:39"]
[BlackClock "0:01:05"]

1. d4 Nf6 2. c4 e6 3. Nc3 Bb4 4. g3 O-O 5. Bg2 Nc6 6. d5 Bxc3+ 7. bxc3 Na5 8. Qd3 d6 9. Nh3 b6 10. dxe6 Bxe6 11. Nf4 Bxc4 12. Qc2 Rb8 13. O-O Re8 14. Re1 d5 15. Nd3 Ne4 16. Be3 c5 17. Rad1 Qf6 18. Nf4 Nxc3 19. Nxd5 Nxd5 20. Bxd5 Bxd5 21. Rxd5 h6 22. Red1 Rbd8 23. Qd3 Nc6 24. Qb5 Qe6 25. R5d2 Rxd2 26. Rxd2 Rd8 27. Rxd8+ Nxd8 28. a4 Nc6 29. a5 Nxa5 30. Bxc5 Qc6 0-1


[Site "https://www.chess.com"]

[Event "Titled Tuesday Blitz September 28 2021"]
[White "Mgeladze, Tamaz"]
[Black "Timofeev, Artyom"]
[WhiteFideId "13601202"]
[BlackFideId "4140419"]
[WhiteElo "2258"]
[BlackElo "2591"]
[Result "0-1"]
[Round "04"]
[TimeControl "180+1"]
[Date "2021.09.28"]
[WhiteClock "0:00:05"]
[BlackClock "0:00:28"]

1. c4 c5 2. g3 g6 3. Bg2 Bg7 4. Nc3 Nc6 5. Nf3 e6 6. d4 cxd4 7. Nb5 d5 8. cxd5 exd5 9. Nbxd4 Nge7 10. O-O O-O 11. b3 Bg4 12. Bb2 Qb6 13. Nxc6 bxc6 14. Bxg7 Kxg7 15. Rc1 c5 16. Qc2 Rac8 17. Rfd1 d4 18. Ne5 Bf5 19. Qd2 Rfd8 20. Nc4 Qe6 21. h4 Be4 22. Bxe4 Qxe4 23. Qd3 Qe6 24. e3 Nf5 25. exd4 Nxd4 26. Kg2 Qc6+ 27. f3 h6 28. Qe4 Qf6 29. Qe5 Re8 30. Qxf6+ Kxf6 31. Re1 Re6 32. Rxe6+ Nxe6 33. Rd1 Rd8 34. Rxd8 Nxd8 35. Kf2 Nc6 36. Ke3 Nb4 37. a4 Nc2+ 38. Ke4 Ke6 39. g4 Nd4 40. Nd2 f5+ 41. gxf5+ gxf5+ 42. Kd3 Kd5 43. h5 Ne6 44. Ke3 Ng7 45. a5 Nxh5 46. Nc4 f4+ 47. Kd3 Nf6 48. a6 Nd7 49. Nd2 Nb8 50. Ne4 Nxa6 51. Nf6+ Ke6 52. Ne4 h5 53. Kc4 Ke5 54. Kb5 Nc7+ 55. Kxc5 Ne6+ 56. Kc6 Nd4+ 57. Kb7 Nxf3 58. Nf2 Nd4 59. b4 f3 60. Ka6 Kf4 61. b5 Kg3 62. Nd3 f2 63. Nxf2 Kxf2 64. b6 axb6 65. Kxb6 h4 0-1


[Site "https://www.chess.com"]

[Event "Titled Tuesday Blitz September 28 2021"]
[White "Milchev, Nikolay"]
[Black "Yanchenko, Roman"]
[WhiteFideId "2906090"]
[BlackFideId "4137329"]
[WhiteElo "2449"]
[BlackElo "2514"]
[Result "1-0"]
[Round "04"]
[TimeControl "180+1"]
[Date "2021.09.28"]
[WhiteClock "0:01:50"]
[BlackClock "0:00:34"]

1. Nf3 d5 2. c4 c6 3. cxd5 cxd5 4. d4 Nf6 5. Nc3 Nc6 6. Bf4 a6 7. Rc1 e6 8. e3 Bd6 9. Bg3 O-O 10. Ne5 Ne7 11. f4 Nf5 12. Bf2 b5 13. Bd3 Bb7 14. O-O h5 15. Bxf5 exf5 16. Bh4 Re8 17. Bxf6 gxf6 18. Qxh5 fxe5 19. fxe5 Bf8 20. Rxf5 Re7 21. Rcf1 Bg7 22. Rxf7 Qe8 23. e6 Rxe6 24. Nxd5 Bxd5 25. Qxd5 Rd8 26. Qg5 Qxf7 27. Rxf7 Kxf7 28. Qxd8 Rxe3 29. Qd5+ Re6 30. Kf2 Ke7 31. Qc5+ Rd6 32. d5 Be5 33. h4 Kf7 34. g4 Rf6+ 35. Ke2 Bxb2 36. d6 Re6+ 37. Kd3 Be5 38. d7 Bf6 39. g5 Re7 40. Qd5+ 1-0


[Site "https://www.chess.com"]

[Event "Titled Tuesday Blitz September 28 2021"]
[White "Moksh Amit Doshi"]
[Black "Holt, Conrad"]
[WhiteFideId "25064967"]
[BlackFideId "2034387"]
[WhiteElo "2245"]
[BlackElo "2586"]
[Result "0-1"]
[Round "04"]
[TimeControl "180+1"]
[Date "2021.09.28"]
[WhiteClock "0:01:52"]
[BlackClock "0:01:43"]

1. d4 d5 2. c4 c6 3. Nf3 Nf6 4. e3 Bf5 5. Nc3 e6 6. Nh4 Bg6 7. Be2 Nbd7 8. O-O Ne4 9. Nxg6 hxg6 10. g3 Qg5 11. Kg2 Bd6 12. Nxe4 dxe4 13. f4 exf3+ 14. Bxf3 Rxh2+ 0-1


[Site "https://www.chess.com"]

[Event "Titled Tuesday Blitz September 28 2021"]
[White "Moroni, Luca Jr"]
[Black "Manukyan, Artyom"]
[WhiteFideId "865834"]
[BlackFideId "13305786"]
[WhiteElo "2491"]
[BlackElo "2034"]
[Result "1-0"]
[Round "04"]
[TimeControl "180+1"]
[Date "2021.09.28"]
[WhiteClock "0:00:23"]
[BlackClock "0:00:05"]

1. d4 d5 2. Bf4 Nf6 3. e3 c5 4. dxc5 Nc6 5. Bb5 e6 6. b4 a5 7. c3 Bd7 8. Qb3 b6 9. Bxc6 Bxc6 10. b5 a4 11. Qb2 Bb7 12. c6 Bc8 13. Nd2 Bc5 14. Ngf3 O-O 15. O-O Ne8 16. c4 f6 17. cxd5 e5 18. Bxe5 fxe5 19. e4 Nd6 20. Qxe5 Nxb5 21. Nc4 Nd6 22. Nxd6 Qxd6 23. Qxd6 Bxd6 24. e5 Bc5 25. d6 Bg4 26. Rad1 Rad8 27. c7 Rd7 28. h3 Bxf3 29. gxf3 Kf7 30. f4 Ke6 31. Rfe1 g6 32. Re4 Rc8 33. Kg2 Rf7 34. Kg3 h6 35. h4 Rd7 36. f3 Rf7 37. h5 gxh5 38. f5+ Kxf5 39. Rf4+ Ke6 40. Rxf7 Kxf7 41. d7 Rg8+ 42. Kh3 1-0


[Site "https://www.chess.com"]